 Dungeon Crawl Stone Soup version 0.31.0-11-ge490571c62 (webtiles) character file.

Game seed: 9288367181642259032

156 qw the Skirmisher (level 5, -5/29 HPs)
             Began as a Deep Elf Hunter on Feb 4, 2024.
             Slain by Terence
             ... wielding a +2 mace of protection
              (10 damage)
             ... on level 3 of the Dungeon.
             The game lasted 00:00:39 (1659 turns).

qw the Skirmisher (Deep Elf Hunter)                 Turns: 1659, Time: 00:00:40

Health: -5/29      AC:  5    Str: 16    XL:     5   Next: 14%
Magic:  7/7        EV: 11    Int: 14    God:
Gold:   156        SH:  0    Dex: 18    Spells: 4/4 levels left

rFire   . . .        a - +0 shortbow
rCold   . . .        (shield currently unavailable)
rNeg    . . .        e - +0 ring mail
rPois   .            (no helmet)
rElec   .            (no cloak)
rCorr   .            (no gloves)
SInv    .            (no boots)
Will    .....        (no amulet)
Stlth   +            f - +6 ring of strength
HPRegen 0.24/turn    (no ring)
MPRegen 0.10/turn

%: no passive effects
@: no status effects
A: no striking features
a: no special abilities


You were on level 3 of the Dungeon.
You visited 1 branch of the dungeon, and saw 3 of its levels.

You collected 156 gold pieces.


   Skills:
 - Level 1.5 Fighting
 + Level 8.6 Ranged Weapons
 - Level 2.4 Dodging
 - Level 1.2 Stealth


You had 4 spell levels left.
You didn't know any spells.
Your spell library was empty.

Inventory:

Hand Weapons
 a - a +0 shortbow (weapon)
Armour
 e - a +0 ring mail (worn)
Jewellery
 f - a +6 ring of strength (left hand)
Wands
 d - a wand of digging (3)
Potions
 b - a potion of might
 c - a potion of lignification {unknown}
 g - a potion of mutation

Dungeon Overview and Level Annotations

Branches:
Dungeon (3/15)

Altars:
Dithmenos

Shops:
D:1 !

Annotations:
D:3 Terence


Message History

You shoot an arrow. The arrow barely misses Terence.
Terence misses you.
You shoot an arrow. The arrow closely misses Terence.
Terence hits you with a +2 mace of protection.
You shoot an arrow. The arrow barely misses Terence.
Terence closely misses you.
You shoot an arrow. The arrow hits Terence.
Terence is moderately wounded.
Terence barely misses you.
You shoot an arrow. The arrow closely misses Terence.
Terence barely misses you.
You shoot an arrow.
The arrow hits Terence but does no damage.
Terence is moderately wounded.
Terence hits you with a +2 mace of protection. x2
You shoot an arrow. The arrow hits Terence.
Terence is heavily wounded.
Terence hits you with a +2 mace of protection.
You shoot an arrow.
The arrow hits Terence but does no damage.
Terence is heavily wounded.
Terence completely misses you.
You shoot an arrow.
The arrow hits Terence but does no damage.
Terence is heavily wounded.
Terence hits you with a +2 mace of protection.
You shoot an arrow.
The arrow hits Terence but does no damage.
Terence is heavily wounded.
Terence hits you but does no damage.
You shoot an arrow.
The arrow hits Terence but does no damage.
Terence is heavily wounded.
Terence barely misses you.
You shoot an arrow.
The arrow hits Terence but does no damage.
Terence is heavily wounded.
Terence hits you with a +2 mace of protection!
You die...
Terence says, "Time to find some more victims."

#............
#.##.########
############.##.# #
....>...........##### #
.........###.##.....####
..............%.........
.........####'#######'##
#####.#.###.....###.....
# #@# ##.....###....
.......@# ##..)..###...
#.####...# ##.....###..
... .....+ ##.....###.
########..##.....#
###'######
..........##.#...#
#.....#.##
..........##.#.#.#
#.....#..# .......... .
..#.# +...(.)...
........# #.....#...


You could see Terence.

Vanquished Creatures
  An iguana (D:3)
  5 adders
  9 ball pythons
  8 bats
  4 endoplasms
  5 giant cockroaches
  7 goblins
  8 hobgoblins
  8 jackals (D:1)
  4 quokkas
  3 frilled lizards
  8 kobolds
  7 rats
77 creatures vanquished.

Notes
Turn   | Place    | Note
-------+----------+-------------------------------------------
     0 | D:1      | qw the Deep Elf Hunter began the quest for the Orb.
     0 | D:1      | Reached XP level 1. HP: 12/12 MP: 3/3
     0 | D:1      | 0 ||| qw: Version: 0.3-a-160-g6735b56
     0 | D:1      | 0 ||| qw: Game counter: 5771
     0 | D:1      | 0 ||| qw: Melee chars always use a shield: true
     0 | D:1      | 0 ||| qw: God list: Okawaru
     0 | D:1      | 0 ||| qw: Allow faded altars: false
     0 | D:1      | 0 ||| qw: Do Orc after clearing Dungeon:15 true
     0 | D:1      | 0 ||| qw: Do second Lair branch before Depths: true
     0 | D:1      | 0 ||| qw: Lair rune preference: random
     0 | D:1      | 0 ||| qw: Goals: Normal
     0 | D:1      | 0 ||| PLANNING D:1-11
    55 | D:1      | Reached XP level 2. HP: 7/16 MP: 4/4
    56 | D:1      | Reached skill level 6 in Ranged Weapons
   242 | D:1      | Reached XP level 3. HP: 20/20 MP: 5/5
   245 | D:1      | Found Feotzeg's Distillery.
   250 | D:1      | 250 ||| SHOPLISTING potion of heal wounds (50 gold, have
                  | 35).
   250 | D:1      | 250 ||| SHOPLISTING potion of might (40 gold, have 35).
   507 | D:1      | Reached skill level 7 in Ranged Weapons
   658 | D:1      | 658 ||| UPGRADING to +0 ring mail.
   668 | D:1      | 668 ||| DROPPING +0 leather armour.
   669 | D:1      | 669 ||| UPGRADING to +6 ring of strength.
   670 | D:1      | 670 ||| READING 2 scrolls labelled ROIJIXTENN.
   670 | D:1      | 670 ||| IDENTIFYING scroll labelled FUERIVVUA
   671 | D:1      | 671 ||| DROPPING scroll of butterflies.
   672 | D:1      | 672 ||| DROPPING scroll of revelation.
   716 | D:2      | Found a faded altar of an unknown god.
   807 | D:2      | Reached XP level 4. HP: 17/25 MP: 6/6
   912 | D:2      | Found a shadowy altar of Dithmenos.
  1075 | D:2      | Reached skill level 8 in Ranged Weapons
  1373 | D:2      | 1373 ||| READING 2 scrolls of identify.
  1373 | D:2      | 1373 ||| IDENTIFYING cyan potion
  1374 | D:2      | 1374 ||| READING scroll of identify.
  1374 | D:2      | 1374 ||| IDENTIFYING inky potion
  1375 | D:2      | 1375 ||| READING scroll labelled DOBUSO AGUP.
  1376 | D:2      | 1376 ||| DRINKING 4 blue potions.
  1377 | D:2      | 1377 ||| DROPPING 3 potions of brilliance.
  1491 | D:3      | Reached XP level 5. HP: 22/29 MP: 7/7
  1636 | D:3      | Noticed Terence
  1654 | D:3      | HP: 7/29 [Terence/+2 mace of protection (2)]
  1659 | D:3      | Slain by Terence

Levels and vault maps discovered:
D:1:      dpeg_arrival_arbitrary_a, layout_basic, serial_shops, shop,
          minmay_misc_feat_ornament
D:2:      layout_rooms, shapermc_ecumenical_altar_starsandcircs, basic_altar,
          ebering_dispersal_statue_hall, dk_vineyard_2, corexii_corridor_pit,
          minmay_bisected
D:3:      layout_basic, amcnicky_altar_gilded, hangedman_decor_growths,
          minmay_quadrilaterals, uniq_ijyb, uniq_terence

Skill      XL: |  1  2  3  4 |
---------------+-------------+-----
Ranged Weapons | 6 7 8 |  8.6
Fighting       | |  1.5
Dodging        | |  2.4
Stealth        | |  1.2

Action                     |  1- 3 |  4- 6 || total
---------------------------+-------+-------++-------
   Fire: Shortbow          |   110 |   119 ||   229
    Use: Scroll            |     1 |     3 ||     4
         Potion            |       |     1 ||     1
 Armour: Leather armour    |    12 |       ||    12
         Ring mail         |     9 |    26 ||    35
  Dodge: Dodged            |    37 |    36 ||    73

Table legend:
 A = Non-vault XP
 B = Vault XP
 C = Vault XP percentage of total XP
 D = Non-vault monster count
 E = Vault monster count
 F = Vault count percentage of total count
                 A         B        C        D         E       F
            +---------+---------+-------+---------+---------+-------
      Total |     176 |      47 |  21.1 |      69 |       8 |  10.4
            +---------+---------+-------+---------+---------+-------
        D:1 |      67 |       0 |   0.0 |      39 |       0 |   0.0
        D:2 |      84 |       3 |   3.4 |      22 |       2 |   8.3
        D:3 |      25 |      44 |  63.8 |       8 |       6 |  42.9
            +---------+---------+-------+---------+---------+-------
